 Dungeon Crawl Stone Soup version 0.22-a0-247-gbddf880757 (webtiles) character file.

36 Horrz the Caller (level 3, -5/19 HPs)
             Began as a Tengu Summoner on Feb 20, 2018.
             Killed by nerve-wracking pain
             ... invoked by an orc priest
              (14 damage)
             ... on level 3 of the Dungeon on Feb 27, 2018.
             The game lasted 00:09:52 (1128 turns).

Horrz the Caller (Tengu Summoner)                   Turns: 1128, Time: 00:09:52

Health: -5/19      AC:  2    Str:  8    XL:     3   Next: 37%
Magic:  1/8        EV: 12    Int: 16    God:
Gold:   100        SH:  0    Dex: 14    Spells: 2/8 levels left

rFire    . . .     SeeInvis .   j - +1 spear (freeze)
rCold    . . .     Gourm    .   (no shield)
rNeg     . . .     Faith    .   a - +0 robe
rPois    .         Spirit   .   (helmet restricted)
rElec    .         Reflect  .   (no cloak)
rCorr    .         Harm     .   (no gloves)
MR       .....                  (boots unavailable)
Stlth    +++.......             (no amulet)
HPRegen  0.06/turn              n - ring of stealth (curse)
MPRegen  0.11/turn              (no ring)

@: no status effects
A: beak, talons 3
a: no special abilities


You were on level 3 of the Dungeon.
You were very hungry.

You visited 1 branch of the dungeon, and saw 3 of its levels.

You collected 100 gold pieces.

Inventory:

Hand Weapons
 j - a +1 spear of freezing (weapon)
 o - a cursed -3 short sword
Armour
 a - a +0 robe (worn)
Jewellery
 n - a cursed ring of stealth (left hand)
Scrolls
 c - a scroll of teleportation {unknown}
 d - 2 scrolls of remove curse {unknown}
 e - 2 scrolls of identify {unknown}
 g - a scroll of enchant weapon {unknown}
 k - 2 scrolls of amnesia {unknown}
 m - a scroll of random uselessness {unknown}
Potions
 f - a potion of heal wounds
 h - 2 potions of curing {unknown}
 i - 2 potions of flight {unknown}
 l - a potion of agility {unknown}
Comestibles
 b - 5 rations


   Skills:
 - Level 2.1 Dodging
 - Level 2.0 Stealth
 * Level 3.2 Spellcasting
 - Level 5.1 Summonings


You had 2 spell levels left.
You knew the following spells:

 Your Spells              Type           Power        Failure   Level  Hunger
a - Summon Small Mammal   Summ           ###.         2%          1    None
b - Call Imp              Summ           ###.....     3%          2    ##.....
c - Call Canine Familiar  Summ           ###.....     7%          3    ###....


Dungeon Overview and Level Annotations

Branches:
Dungeon (3/15)

Altars:
Elyvilon
Wu Jian

Annotations:
D:2 Natasha


Innate Abilities, Weirdness & Mutations

You have a beak for a mouth.
You have claws for feet.


Message History

The orc wizard hits your shadow imp with a dagger.
You see here 4 stones.
A hobgoblin comes into view.
Your hound barely misses the orc priest.
The orc priest mumbles some strange prayers to Beogh against you.
Beogh smites you!
Ouch! That really hurt!
The orc wizard misses you.
The orc shouts!
Found a ring mail.
Your hound bites the orc priest but does no damage.
The orc priest closely misses you.
The orc wizard barely misses your crimson imp.
You see here 4 stones.
Your hound bites the orc priest but does no damage.
Your hound bites the orc priest.
The orc priest calls down the wrath of Beogh upon you.
Pain shoots through your body!
Ouch! That really hurt!
You die...

#. ## #. .. #.###
#.###...
..#......#
...K..%#.####
#.#..@....#
#.....(...#####
#...ho55.......
#......o.......[
#...............
#...............
.......o.....####
##....g.....$#
##........#..


You could see an orc priest, an orc wizard, an orc, a hobgoblin, a kobold, a
friendly hound, a friendly crimson imp and a friendly shadow imp.

Vanquished Creatures
  3 hobgoblins
  3 kobolds
  2 quokkas (D:2)
  A frilled lizard (D:2)
9 creatures vanquished.

Vanquished Creatures (collateral kills)
  2 adders (D:2)
  A dart slug (D:1)
  A bat (D:2)
  4 goblins (D:1)
  4 hobgoblins (D:1)
  7 kobolds
  A frilled lizard (D:2)
  2 rats (D:1)
22 creatures vanquished.

Grand Total: 31 creatures vanquished

Notes
Turn   | Place    | Note
-------+----------+-------------------------------------------
     0 | D:1      | Horrz the Tengu Summoner began the quest for the Orb.
     0 | D:1      | Reached XP level 1. HP: 10/10 MP: 4/4
    65 | D:1      | Reached skill level 5 in Summonings
    81 | D:1      | Reached XP level 2. HP: 9/15 MP: 0/6
    85 | D:1      | Learned a level 2 spell: Call Imp
   287 | D:1      | Upgraded the game from 0.22-a0-228-g3692b995fa to 0.22-a0-247-gbddf880757
   620 | D:2      | Reached XP level 3. HP: 15/19 MP: 0/8
   839 | D:2      | Found an ornate altar of the Wu Jian Council.
   935 | D:2      | Noticed Natasha
   980 | D:2      | Found a white marble altar of Elyvilon.
   994 | D:2      | Learned a level 3 spell: Call Canine Familiar
  1128 | D:3      | Killed from afar by an orc priest

Vault maps used:
D:1:      dpeg_arrival_tiny_c
D:2:      lemuel_round_altar, lemuel_coloured_pillars_altar, minivault_25,
          elyvilon_altar_5, uniq_terence, uniq_natasha
D:3:      st_stairs_14, minmay_misc_feat_tower, eino_curves_04, uniq_sigmund

Skill      XL: |  1  2 |
---------------+-------+-----
Summonings     | 5 |  5.1
Spellcasting   | 3 |  3.2
Dodging        | |  2.1
Stealth        | |  2.0

Action                   || total
-------------------------++-------
Melee: Dagger            ||     8
       Kick              ||     4
       Spear             ||    20
       Peck              ||     2
 Cast: Summon Small Mamm ||     8
       Call Imp          ||    26
       Call Canine Famil ||     1
  Use: Potion            ||     1
 Stab: Sleeping          ||     2
       Distracted        ||     1
  Eat: Chunk             ||     1
Armor: Robe              ||     7
Dodge: Dodged            ||    33

Table legend:
 A = Spawn XP
 B = Non-spawn XP
 C = Spawn XP percentage of total XP
 D = Spawn monster count
 E = Non-spawn monster count
 F = Spawn count percentage of total count
 G = Total turns spent on level
                    A         B        C        D         E        F      G
               +---------+---------+-------+---------+---------+-------+---------
         Total |       0 |      52 |   0.0 |       0 |      31 |   0.0 |  1128
               +---------+---------+-------+---------+---------+-------+---------
           D:1 |       0 |      22 |   0.0 |       0 |      18 |   0.0 |   596
           D:2 |       0 |      30 |   0.0 |       0 |      13 |   0.0 |   525
               +---------+---------+-------+---------+---------+-------+---------
